 Dungeon Crawl Stone Soup version 0.18-a0-750-g37044d6 (webtiles) character file.

3089 gorblad the Covert (level 9, 0/43 HPs)
             Began as a Felid Monk on Dec 11, 2015.
             Was a High Priest of Dithmenos.
             Shot with an arrow by a centaur (5 damage)
             ... on level 11 of the Dungeon.
             The game lasted 00:23:26 (11421 turns).

gorblad the Covert (Felid Monk)                    Turns: 11421, Time: 00:23:26

Health: 0/43       AC:  2    Str:  7    XL:     9   Next: 59%
Magic:  10/10      EV: 35    Int: 12    God:    Dithmenos [*****.]
Gold:   842        SH:  0    Dex: 29    Spells: 0 memorised, 8 levels left
                                        Lives:  0   Deaths: 2

rFire  . . .     SeeInvis +       - Unarmed
rCold  . . .     Clarity  .     (armour unavailable)
rNeg   . . .     SustAt   .     (shield unavailable)
rPois  .         Gourm    .     (helmet unavailable)
rElec  .         Spirit   .     (cloak unavailable)
rCorr  .         Dismiss  .     (gloves unavailable)
rMut   .         Stasis   .     (boots unavailable)
MR     +....                    o - amulet of faith
Stlth  ++++++++++               J - +3 ring of dexterity
                                f - +4 ring of dexterity

@: wreathed by umbra, quick, somewhat resistant to hostile enchantments,
uncannily stealthy
A: no armour, no weapons or thrown items, claws 1, fangs 3, see invisible,
carnivore 3, speed 1, shaggy fur 2, slow metabolism 1, sharp paws
a: Shadow Step, Shadow Form, Renounce Religion


You were on level 11 of the Dungeon.
You worshipped Dithmenos.
Dithmenos was extremely pleased with you.
You were not hungry.

You visited 1 branch of the dungeon, and saw 11 of its levels.
You also visited: Sewer.

You collected 842 gold pieces.

Inventory:

Jewellery
 f - a +4 ring of dexterity (left paw)
 i - an uncursed ring of teleportation
 o - an amulet of faith (around neck)
 r - an uncursed ring of positive energy
 s - an uncursed ring of sustain attributes
 A - a +4 ring of protection
 I - an uncursed amulet of resist corrosion {unknown}
 J - a +3 ring of dexterity (right paw)
 L - a +3 ring of dexterity
Wands
 e - a wand of polymorph (13)
 n - a wand of frost (21)
 w - a wand of draining (8)
 y - a wand of digging (15)
 E - a wand of teleportation (6)
 G - a wand of fireball (6)
 K - a wand of frost (17)
Scrolls
 l - 3 scrolls of magic mapping
 u - 7 scrolls of teleportation
 x - 2 scrolls of remove curse
 z - 3 scrolls of amnesia
Potions
 d - 4 potions of poison
 g - 4 potions of curing
 h - a potion of lignification {unknown}
 j - 2 potions of degeneration {unknown}
 k - 2 potions of cancellation {unknown}
 m - 4 potions of agility
 p - 4 potions of flight
 t - 2 potions of haste {unknown}
 v - a potion of berserk rage {unknown}
 B - a potion of magic {unknown}
 D - a potion of mutation {unknown}
 F - a potion of brilliance {unknown}
Books
 H - a book of Changes

   Spells                             Type                      Level
   a - Beastly Appendage              Transmutation                1
   b - Sticks to Snakes               Transmutation                2
   c - Spider Form                    Transmutation/Poison         3
   d - Ice Form                       Ice/Transmutation            4
   e - Blade Hands                    Transmutation                5
Miscellaneous
 c - a plain deck of escape
Comestibles
 a - 7 meat rations
 b - 9 slices of pizza
 q - 8 beef jerkies


   Skills:
 + Level 7.3 Fighting
 + Level 12.9 Dodging
 + Level 13.3 Stealth
 + Level 9.2 Unarmed Combat


You had 8 spell levels left.
You didn't know any spells.

Dungeon Overview and Level Annotations

Branches:
Dungeon (11/15)            Temple (0/1) D:6            Lair (0/8) D:10
    Orc: D:9-12

Altars:
Dithmenos
Gozag
Nemelex Xobeh
Qazlal
Trog
Xom
Yredelemnul
Zin
The Shining One

Shops:
D:5 (   D:9 =   D:11 (

Portals:
Trove: D:10 (give 5 scrolls of blinking)


Innate Abilities, Weirdness & Mutations

You cannot wear armour.
You are incapable of wielding weapons or throwing items.
You have sharp claws.
You have razor-sharp teeth.
You have supernaturally acute eyesight.
You are carnivorous and can eat meat at any time.
You cover ground quickly.
You are covered in thick fur (AC +2).
You have a slow metabolism.
Your sharp claws are effective at attacking unaware monsters.


Message History

Your bite misses the centaur. The orc closely misses you.
The orc completely misses you. The centaur completely misses you.
The centaur shoots an arrow.
The arrow completely misses you. The orc wizard barely misses you.
You claw the orc wizard!
You kill the orc wizard!
Dithmenos accepts your kill.
Dithmenos appreciates your extinguishing a source of fire.
The centaur completely misses you.
The centaur shoots an arrow.
The arrow completely misses you. The orc misses you.
The orc completely misses you.
You barely miss the centaur. The centaur closely misses you.
The centaur shoots an arrow.
The arrow completely misses you. The centaur hits you.
* * * LOW HITPOINT WARNING * * *
The orc completely misses you. x2
You claw the centaur!
The centaur is severely wounded.
The centaur shoots an arrow.
The arrow hits you.
You die...

#### ########## #... #........# #
#... #........# ## ##### ...
##........# .###...# ....
#..........# .......####.. #.
#..........# ####...#...
#.####..........# .###...#.#
#((.(...........# ...#..[..#
#(@.##..........# ...##...#####
#co)c##........##
.................o............#
......########..#.............#
.........### #.##.............##
..##.......###.##..............##
..#....##.....!#................#
.##.##................†.o§.c....#
.##.# #...##...o....o...........#


You could see 2 centaurs and 2 orcs.

Vanquished Creatures
  Pikel (D:5)
  2 hill giants
  Joseph (D:7)
  An ice statue (D:10)
  A shadow (D:11)
  A deep elf mage (D:9)
  Sigmund (D:5)
  2 hippogriffs
  2 hungry ghosts
  A human (D:10)
  Edmund (D:5)
  Menkaure (D:7)
  2 water moccasins
  2 sky beasts
  An orc warrior (D:7)
  4 black bears
  An ice beast (D:9)
  An ogre (D:4)
  A slave (D:5)
  2 wasps
  A necrophage (D:5)
  9 centaurs
  A crocodile (D:11)
  A big kobold (D:9)
  A gnoll sergeant (D:5)
  6 giant frogs
  2 scorpions
  10 killer bees
  4 wights (D:7)
  5 crimson imps
  3 jellies
  5 centaur skeletons
  A centaur zombie (D:10)
  A gnoll shaman (D:6)
  4 hounds
  A giant frog zombie (D:5)
  The ghost of gorblad the Ducker, a weakling FeMo (D:3)
  2 iguanas
  An orc priest (D:9)
  A quasit (D:9)
  8 orc wizards
  A giant frog skeleton (D:6)
  7 worker ants
  4 sheep (D:10)
  A hound zombie (D:6)
  10 adders
  5 gnolls
  2 shadow imps
  2 adder skeletons
  4 worms
  15 giant geckos
  14 orcs
  5 bats
  12 giant cockroaches
  6 goblins
  6 hobgoblins
  8 jackals
  10 kobolds
  5 quokkas
  8 ball pythons
  6 giant newts
  8 rats
236 creatures vanquished.

Vanquished Creatures (others)
  A slave (D:5)
  Blork the orc (D:5)
  A crimson imp (D:5)
  A gnoll (D:5)
  4 jackals (D:5)
  A giant newt (D:5)
  A quokka skeleton (D:4)
10 creatures vanquished.

Grand Total: 246 creatures vanquished

Notes
Turn   | Place    | Note
--------------------------------------------------------------
     0 | D:1      | gorblad the Felid Monk began the quest for the Orb.
     0 | D:1      | Reached XP level 1. HP: 10/10 MP: 2/2
   125 | D:1      | Reached XP level 2. HP: 4/14 MP: 3/3
   964 | D:2      | Reached XP level 3. HP: 9/17 MP: 4/4
  1211 | D:2      | Found a bloodstained altar of Trog.
  1237 | D:2      | Found a glowing golden altar of the Shining One.
  1450 | D:2      | Found a sparkling altar of Nemelex Xobeh.
  1630 | D:3      | Noticed gorblad's ghost (weakling FeMo)
  1636 | D:3      | Killed gorblad's ghost
  1636 | D:3      | Reached XP level 4. HP: 21/21 MP: 5/5
  1823 | D:3      | Reached skill level 5 in Dodging
  1858 | D:3      | Reached XP level 5. HP: 14/25 MP: 6/6
  2413 | D:4      | Reached skill level 5 in Unarmed Combat
  2524 | D:4      | Found a glowing drain.
  2541 | D:4      | Reached skill level 5 in Stealth
  2553 | Sewer    | Entered a sewer
  2938 | Sewer    | Gained mutation: You are covered in thick fur (AC +2). [Felid growth]
  2938 | Sewer    | Reached XP level 6. HP: 17/28 MP: 7/7
  2944 | Sewer    | Reached skill level 6 in Dodging
  3446 | D:4      | Noticed an angel
  3448 | D:4      | Found a shimmering altar of Xom.
  3448 | D:4      | Found a glowing silver altar of Zin.
  3476 | D:4      | Reached XP level 7. HP: 23/33 MP: 8/8
  3712 | D:4      | Reached skill level 7 in Dodging
  3914 | D:4      | Found a shadowy altar of Dithmenos.
  3917 | D:4      | Became a worshipper of Dithmenos the Shadowed
  3917 | D:4      | Reached * piety under Dithmenos
  3917 | D:4      | Reached ** piety under Dithmenos
  3977 | D:5      | Entered Level 5 of the Dungeon
  3998 | D:5      | Found a sparkling altar of Nemelex Xobeh.
  4104 | D:5      | Noticed Edmund
  4109 | D:5      | Killed Edmund
  4187 | D:5      | Noticed Pikel
  4231 | D:5      | Killed Pikel
  4231 | D:5      | Reached skill level 5 in Fighting
  4231 | D:5      | Reached skill level 8 in Dodging
  4231 | D:5      | Reached XP level 8. HP: 16/37 MP: 9/9
  4406 | D:5      | Killed Blork the orc
  4414 | D:5      | Found Juetiu's Antique Weapon Shoppe.
  4442 | D:5      | Found a basalt altar of Yredelemnul.
  4519 | D:5      | Reached skill level 9 in Dodging
  4796 | D:5      | Noticed Sigmund
  4803 | D:5      | Killed Sigmund
  5288 | D:6      | HP: 1/37 [gnoll/club (11)]
  5662 | D:6      | Found a staircase to the Ecumenical Temple.
  5941 | D:6      | Reached XP level 9. HP: 23/41 MP: 10/10
  6153 | D:6      | Reached *** piety under Dithmenos
  6393 | D:6      | Reached skill level 10 in Dodging
  6760 | D:7      | Found a shadowy altar of Dithmenos.
  7129 | D:7      | Noticed Joseph
  7132 | D:7      | Killed Joseph
  7407 | D:7      | Reached skill level 11 in Dodging
  7434 | D:7      | Noticed Menkaure
  7441 | D:7      | Killed Menkaure
  7559 | D:7      | Reached skill level 10 in Stealth
  9304 | D:9      | Reached **** piety under Dithmenos
  9304 | D:9      | Reached XP level 10. HP: 46/46 MP: 11/11
  9423 | D:9      | Found Necsuni's Jewellery Emporium.
  9777 | D:9      | Found an opulent altar of Gozag.
  9960 | D:10     | Entered Level 10 of the Dungeon
 10060 | D:10     | Engulfed by an ice statue's freezing vapour
 10061 | D:10     | Reached XP level 9. HP: -5/42 MP: 10/10
 10088 | D:10     | Killed an ice statue
 10233 | D:10     | Reached skill level 12 in Dodging
 10260 | D:10     | Found a stormy altar of Qazlal.
 10274 | D:10     | Found a staircase to the Lair.
 10744 | D:10     | Noticed a hill giant
 10751 | D:10     | Killed a hill giant
 10751 | D:10     | Reached XP level 10. HP: 46/46 MP: 11/11
 10808 | D:10     | Found a portal to a secret trove of treasure.
 10898 | D:11     | Found Welaisul's Antique Weapon Shoppe.
 11013 | D:11     | Reached skill level 13 in Stealth
 11315 | D:11     | Noticed a hill giant
 11327 | D:11     | Killed a hill giant
 11383 | D:11     | HP: 1/47 [orc wizard/magic dart (8)]
 11388 | D:11     | Killed from afar by an orc wizard
 11389 | D:11     | Reached XP level 9. HP: -7/43 MP: 10/10
 11416 | D:11     | Reached ***** piety under Dithmenos
 11421 | D:11     | Shot with an arrow by a centaur

Vault maps used:
D:1:      minmay_arrival_wavy_path
D:2:      nicolae_tso_carved_into_rock, bloody_trog,
          nicolae_overflow_crystal_walls
D:3:      eino_tiny_chamber
D:4:      grunt_temple_overflow_order_and_chaos_1, lemuel_doored_altar,
          gup_sewer_entry_pipe, first_bread, minmay_misc_feat_room, wad_orctagon
D:5:      yredelemnul_altar_generic, serial_shops, shop, nemelex_deck,
          uniq_sigmund, uniq_pikel, uniq_blork_the_orc, uniq_edmund
D:6:      minmay_temple_entry_mist
D:7:      serial_co_window_serial, co_window_paths_b, co_window_corner_a,
          co_window_corner_a, co_window_paths_b, co_window_cross_1,
          co_window_of_opportunity_a, co_window_of_opportunity_a,
          co_window_paths_b, co_window_of_opportunity_a, co_window_paths_c,
          co_window_paths_c, co_window_unsneaky_path_c, co_window_cross_3,
          co_window_4corner_b, glass_columns_b, nicolae_dithmenos_the_darkroom,
          uniq_joseph, uniq_menkaure
D:9:      grunt_gozag_breadcrumbs, serial_shops, shop
D:10:     lair_0_dummy, trove_entry_hex_spiral, basic_altar, grunt_livestock,
          minivault_16, hangedman_decor_points, nrook_mini_vaults
D:11:     hiddenorc1_lemuel, serial_shops, shop_fountains
Sewer:    sewer_frog_island_01

Action                   |  1- 3 |  4- 6 |  7- 9 | 10-12 || total
-------------------------+-------+-------+-------+-------++-------
Melee: Unarmed           |   107 |   165 |   339 |   178 ||   789
  Use: Scroll            |    10 |     2 |     9 |     3 ||    24
       Potion            |       |       |     3 |       ||     3
 Stab: Sleeping          |     4 |     9 |    41 |    20 ||    74
       Distracted        |       |       |     6 |       ||     6
  Eat: Chunk             |     9 |     3 |    18 |     3 ||    33
